 Dungeon Crawl Stone Soup version 0.29.1-14-g9c671dbff4 (webtiles) character file.

Game seed: 3398466051442925793

23 Klatu the Caller (level 3, -1/33 HPs)
             Began as an Ogre Summoner on Feb 13, 2023.
             Slain by a jackal (2 damage)
             ... on level 2 of the Dungeon.
             The game lasted 00:08:57 (1967 turns).

Klatu the Caller (Ogre Summoner)                    Turns: 1967, Time: 00:08:57

Health: -1/33      AC:  3    Str: 12    XL:     3   Next: 0%
Magic:  4/6        EV: 10    Int: 18    God:
Gold:   47         SH:  0    Dex:  9    Spells: 5/6 levels left

rFire   . . .      SeeInvis .   (no weapon)
rCold   . . .      Faith    .   (no shield)
rNeg    . . .      Spirit   .   a - +0 robe
rPois   .          Reflect  .   (helmet restricted)
rElec   .          Harm     .   (no cloak)
rCorr   .          Rampage  .   (gloves unavailable)
Will    .....                   (boots unavailable)
Stlth   +.........              (no amulet)
HPRegen 0.11/turn               (no ring)
MPRegen 0.10/turn               (no ring)

@: no status effects
A: large, unfitting armour, tough skin 1
a: no special abilities


You were on level 2 of the Dungeon.
You visited 1 branch of the dungeon, and saw 2 of its levels.

You collected 47 gold pieces.

Inventory:

Missiles
 c - 5 poisoned darts
Armour
 a - a +0 robe (worn)
Scrolls
 d - a scroll of immolation {unknown}
 g - a scroll of identify
 h - a scroll of fear {unknown}
Potions
 b - a potion of magic
 e - a potion of heal wounds
 f - a potion of mutation {unknown}
 i - a potion of haste {unknown}


   Skills:
 + Level 1.2 Fighting
 + Level 0.6 Armour
 + Level 2.1 Dodging
 - Level 1.4 Stealth
 - Level 2.4 Spellcasting
 * Level 3.9 Summonings


You had 5 spell levels left.
You knew the following spells:

 Your Spells              Type           Power      Damage    Failure   Level
a - Summon Small Mammal   Summ           64%        N/A       3%          1

Your spell library contained the following spells:

 Spells                   Type           Power      Damage    Failure   Level
 Call Imp                 Summ           16%        N/A       4%          2
 Call Canine Familiar     Summ           16%        N/A       10%         3
 Summon Guardian Golem    Hex/Summ       9%         N/A       22%         3
 Ozocubu's Armour         Ice            2%         N/A       45%         3
 Summon Lightning Spire   Summ/Air       9%         N/A       58%         4
 Metabolic Englaciation   Hex/Ice        1%         N/A       99%         5
 Simulacrum               Ice/Necr       1%         N/A       100%        6


Dungeon Overview and Level Annotations

Branches:
Dungeon (2/15)

Altars:


Innate Abilities, Weirdness & Mutations

You are too large for most types of armour.
You have tough skin. (AC +1)


Message History

The jackal closely misses your quokka.
Your quokka bites the jackal.
The jackal dies!
You have reached level 3!
Your experience leads to an increase in your attributes!
Increase (S)trength, (I)ntelligence, or (D)exterity?
You feel clever. x2; You feel stronger.
There are no items here.
There are no items here.
Your quokka barely misses the jackal.
You closely miss the jackal. The jackal closely misses you.
Your quokka barely misses the jackal.
The jackal bites you.
* * * LOW HITPOINT WARNING * * *
You barely miss the jackal.
Your quokka barely misses the jackal.
The jackal bites you.
* * * LOW HITPOINT WARNING * * *
Your quokka closely misses the jackal.
You closely miss the jackal. The jackal barely misses you.
Your quokka barely misses the jackal.
The jackal barely misses you.
You hit the jackal.
The jackal is moderately wounded.
Your quokka barely misses the jackal.
The jackal bites you.
* * * LOW HITPOINT WARNING * * *
You closely miss the jackal.
The jackal is moderately wounded.
The jackal closely misses you.
Your quokka misses the jackal. You hit the jackal.
The jackal is heavily wounded.
The jackal bites you but does no damage.
Your quokka barely misses the jackal.
The jackal misses you.
You barely miss the jackal.
The jackal is heavily wounded.
Your quokka closely misses the jackal.
The jackal bites you.
* * * LOW HITPOINT WARNING * * *
Your quokka barely misses the jackal.
You barely miss the jackal.
The jackal is heavily wounded.
The jackal bites you.
* * * LOW HITPOINT WARNING * * *
Your quokka bites the jackal.
The jackal bites you.
You die...

# .. ..
######.#
......###
#........
##h# #@r#
#.## #)#
..# ..##
##


You could see a jackal (ally target) and a friendly quokka (summoned).

Vanquished Creatures
  An endoplasm (D:1)
  2 hobgoblins
  2 kobolds (D:1)
  A ball python (D:1)
  2 rats (D:1)
8 creatures vanquished.

Vanquished Creatures (collateral kills)
  A dart slug (D:1)
  A bat (D:1)
  2 goblins (D:2)
  2 hobgoblins (D:1)
  2 jackals (D:2)
  2 kobolds (D:1)
10 creatures vanquished.

Vanquished Creatures (others)
  13 plants (D:1)
13 creatures vanquished.

Grand Total: 31 creatures vanquished

Notes
Turn   | Place    | Note
-------+----------+-------------------------------------------
     0 | D:1      | Klatu the Ogre Summoner began the quest for the Orb.
     0 | D:1      | Reached XP level 1. HP: 16/16 MP: 3/3
   851 | D:1      | Reached XP level 2. HP: 23/26 MP: 5/5
  1302 | D:1      | Reached skill level 1 in Fighting
  1959 | D:2      | Reached XP level 3. HP: 10/33 MP: 3/6
  1967 | D:2      | HP: 1/33 [jackal (3)]
  1967 | D:2      | Slain by a jackal

Illustrated notes

Levels and vault maps discovered:
D:1:      denvon_arrival_planthouse, layout_basic
D:2:      layout_rooms

Skill      XL: |  1  2 |
---------------+-------+-----
Dodging        | 2 |  2.1
Fighting       | 1 |  1.2
Armour         | |  0.6
Stealth        | |  1.4
Spellcasting   | |  2.4
Summonings     | |  3.9

Action                   || total
-------------------------++-------
Melee: Unarmed           ||   111
       Punch             ||     1
 Cast: Summon Small Mamm ||    17
  Use: Scroll            ||     1
Armor: Robe              ||    26
Dodge: Dodged            ||    60
